 Dungeon Crawl Stone Soup version 0.22-a0-283-g1871b15 (webtiles) character file.

13 4thArraOfDagon the Slasher (level 2, -1/22 HPs)
             Began as a Formicid Warper on Mar 18, 2018.
             Slain by a bullfrog (4 damage)
             ... on level 10 of the Dungeon.
             The game lasted 00:01:29 (353 turns).

4thArraOfDagon the Slasher (Formicid Warper)         Turns: 353, Time: 00:01:30

Health: -1/22      AC:  8    Str: 15    XL:     2   Next: 50%
Magic:  5/5        EV:  6    Int: 12    God:
Gold:   72         SH:  0    Dex: 10    Spells: 5/5 levels left

rFire    . . .     SeeInvis +   a - +0 falchion
rCold    . . .     Gourm    .   (no shield)
rNeg     . . .     Faith    .   c - +0 chain mail
rPois    .         Spirit   .   (helmet unavailable)
rElec    .         Reflect  .   (no cloak)
rCorr    .         Harm     .   (no gloves)
MR       .....                  (no boots)
Stlth    ..........             (no amulet)
HPRegen  0.07/turn              (no ring)
MPRegen  0.09/turn              (no ring)

@: no status effects
A: permanent stasis, dig shafts and tunnels, four strong arms, antennae 3
a: Dig, Shaft Self


You were on level 10 of the Dungeon.
You were not hungry.

You visited 1 branch of the dungeon, and saw 6 of its levels.

You collected 72 gold pieces.

Inventory:

Hand Weapons
 a - a +0 falchion (weapon)
Missiles
 e - 5 tomahawks of dispersal (quivered)
Armour
 b - a +0 leather armour
 c - a +0 chain mail (worn)
Scrolls
 d - a scroll of blinking
 g - a scroll of magic mapping {unknown}
 h - a scroll of fog {unknown}


   Skills:
 - Level 2.1 Fighting
 * Level 3.0 Long Blades
 - Level 1.0 Throwing
 - Level 1.1 Armour
 - Level 1.7 Dodging
 - Level 2.1 Spellcasting
   Level 2.6 Translocations


You had 5 spell levels left.
You didn't know any spells.

Dungeon Overview and Level Annotations

Branches:
Dungeon (8/15)               Lair (0/6) D:8             Orc (0/2) D:10
 Temple: D:4-7

Altars:


Innate Abilities, Weirdness & Mutations

You cannot be hasted, slowed, berserked, paralysed or teleported.
You can dig through walls and to a lower floor.
Your four strong arms can wield two-handed weapons with a shield.
You have a pair of large antennae on your head. (SInv)


Message History

The bullfrog hits you but does no damage.
You hit the bullfrog.
The bullfrog is lightly wounded.
The bullfrog closely misses you.
You riposte.
You barely miss the bullfrog.
The bullfrog is lightly wounded.
Your chain mail prevents you from hitting the bullfrog.
The bullfrog is lightly wounded.
The bullfrog hits you but does no damage.
The bullfrog hits you.
You closely miss the bullfrog.
The bullfrog is lightly wounded.
The bullfrog hits you.
* * * LOW HITPOINT WARNING * * *
The bullfrog hits you.
* * * LOW HITPOINT WARNING * * *
Your chain mail prevents you from hitting the bullfrog.
The bullfrog is lightly wounded.
The bullfrog hits you but does no damage.
The bullfrog hits you.
You die...

. ## ## .. #.# #.#
...##.. .. .......#.
........# ###############
(......F###.#...........#
......##@....###########.
.......≈.....# ##
......§§§....# #
.......§.....#
≈...........#..
≈≈...........#..
................
................


You could see a bullfrog.

Vanquished Creatures
  An adder (D:10)
  A giant cockroach (D:5)
  A kobold (D:2)
  A goblin (D:2)
  A rat (D:2)
5 creatures vanquished.

Vanquished Creatures (others)
  A plant (D:8)
1 creature vanquished.

Grand Total: 6 creatures vanquished

Notes
Turn   | Place    | Note
-------+----------+-------------------------------------------
     0 | D:1      | 4thArraOfDagon the Formicid Warper began the quest for the Orb.
     0 | D:1      | Reached XP level 1. HP: 16/16 MP: 3/3
    56 | D:1      | You fall through a shaft!
   107 | D:3      | Noticed an orc wizard
   110 | D:3      | Noticed an orc wizard
   121 | D:3      | You fall through a shaft for 2 floors!
   121 | D:5      | Entered Level 5 of the Dungeon
   157 | D:5      | Noticed an ogre
   185 | D:5      | Noticed a jelly
   188 | D:5      | You fall through a shaft for 3 floors!
   195 | D:8      | Found a staircase to the Lair.
   195 | D:8      | Noticed a howler monkey
   195 | D:8      | Noticed a howler monkey
   196 | D:8      | Noticed a komodo dragon
   212 | D:8      | Noticed a killer bee
   212 | D:8      | Noticed a killer bee
   214 | D:8      | Noticed a killer bee
   215 | D:8      | Noticed a killer bee
   215 | D:8      | Noticed a killer bee
   215 | D:8      | You fall through a shaft for 2 floors!
   215 | D:10     | Entered Level 10 of the Dungeon
   215 | D:10     | Found a staircase to the Orcish Mines.
   336 | D:10     | Reached skill level 3 in Long Blades
   336 | D:10     | Reached XP level 2. HP: 15/22 MP: 5/5
   346 | D:10     | Noticed a bullfrog
   353 | D:10     | Slain by a bullfrog

Vault maps used:
D:1:      dpeg_arrival_signposts
D:2:      cheibrodos_pilgrimage, okawaru_ov_weapons_minmay, uniq_terence,
          uniq_jessica
D:3:      first_ration
D:5:      minmay_temple_entry_from_below_b, kennysheep_windowed_goal
D:8:      david_lair_shrubbed, basic_altar

Skill      XL: |  1 |
---------------+----+-----
Long Blades    | 3 |  3.0
Fighting       | |  2.1
Throwing       | |  1.0
Armour         | |  1.1
Dodging        | |  1.7
Spellcasting   | |  2.1
Translocations | |  2.6

Action                   || total
-------------------------++-------
Melee: Falchion          ||    26
 Abil: Dig               ||     5
       Shaft Self        ||     4
  Use: Scroll            ||     1
       Potion            ||     1
  Eat: Ration            ||     1
Armor: Chain mail        ||    17
Dodge: Dodged            ||    12
       Rpst.: Falchion   ||     3

Table legend:
 A = Spawn XP
 B = Non-spawn XP
 C = Spawn XP percentage of total XP
 D = Spawn monster count
 E = Non-spawn monster count
 F = Spawn count percentage of total count
 G = Total turns spent on level
                    A         B        C        D         E        F      G
               +---------+---------+-------+---------+---------+-------+---------
         Total |       0 |      19 |   0.0 |       0 |       5 |   0.0 |   353
               +---------+---------+-------+---------+---------+-------+---------
           D:2 |       0 |       4 |   0.0 |       0 |       3 |   0.0 |    48
           D:5 |       0 |       2 |   0.0 |       0 |       1 |   0.0 |    67
          D:10 |       0 |      13 |   0.0 |       0 |       1 |   0.0 |   138
               +---------+---------+-------+---------+---------+-------+---------
